[Event "15th Avicenna Open Masters 2018"]
[Site "Avicenna"]
[Date "2018.08.19"]
[Round "4"]
[White "Khodashenas, Mersad"]
[Black "Hosseinipour, Mehdi"]
[Result "1/2-1/2"]
[ECO "E15"]
[WhiteElo "2440"]
[BlackElo "2327"]
[Annotator "NA"]
[PlyCount "132"]
[EventDate "2018.08.17"]
[EventType "swiss"]
[EventCountry "IRI"]
[SourceTitle "playchess.com"]
[Source "ChessBase"]
[SourceQuality "1"]
[TimeControl "5400+30"]

1. d4 Nf6 2. c4 e6 3. Nf3 b6 4. g3 Bb4+ 5. Nbd2 Bb7 6. Bg2 O-O 7. O-O Be7 8. Qc2 d5 9. cxd5 Nxd5 10. a3 Nd7 11. e4 N5f6 12. e5 Nd5 13. Ne4 h6 14. g4 f6 15. exf6 N5xf6 16. Re1 Nxg4 17. h3 Ngf6 18. Ng3 Nh7 19. Qg6 Rf6 20. Qg4 Nhf8 21. Nh4 Bxg2 22. Kxg2 Rf7 23. Ng6 Nxg6 24. Qxg6 Nf8 25. Qg4 Qd5+ 26. Kg1 Qf3 27. Qxf3 Rxf3 28. Be3 Bd6 29. Kg2 Rf7 30. Ne4 Bf4 31. Rac1 Ng6 32. Rc6 Re8 33. Kf1 Bxe3 34. Rxe3 Nf4 35. Nc3 Ree7 36. a4 Rd7 37. Rc4 a6 38. Ne2 Nxe2 39. Kxe2 Rf4 40. Rxe6 Rfxd4 41. b3 Rd2+ 42. Ke1 R2d3 43. b4 Rxh3 44. a5 Ra3 45. axb6 cxb6 46. Rxb6 Ra1+ 47. Ke2 Ra2+ 48. Ke3 Re7+ 49. Kd3 Rf7 50. f4 h5 51. b5 a5 52. Rc5 h4 53. Rb8+ Rf8 54. Rxf8+ Kxf8 55. b6 Rb2 56. Rxa5 Rxb6 57. Rh5 h3 58. Ke3 Rb3+ 59. Kf2 Kf7 60. Kg1 Kg6 61. Rg5+ Kf6 62. Kh2 g6 63. Ra5 Rf3 64. Rb5 Rxf4 65. Kxh3 Rf5 66. Rb6+ Kg5 1/2-1/2

[Event "15th Avicenna Open Masters 2018"]
[Site "Avicenna"]
[Date "2018.08.19"]
[Round "4"]
[White "Morchiashvili, Bachana"]
[Black "Daghli, Arash"]
[Result "1-0"]
[ECO "E97"]
[WhiteElo "2382"]
[BlackElo "2362"]
[Annotator "NA"]
[PlyCount "87"]
[EventDate "2018.08.17"]
[EventType "swiss"]
[EventCountry "IRI"]
[SourceTitle "playchess.com"]
[Source "ChessBase"]
[SourceQuality "1"]
[TimeControl "5400+30"]

1. d4 Nf6 2. Nf3 g6 3. c4 Bg7 4. Nc3 O-O 5. e4 d6 6. Be2 e5 7. O-O Nc6 8. d5 Ne7 9. Bd2 c5 10. Rb1 b6 11. b4 cxb4 12. Rxb4 Nd7 13. Ne1 Nc5 14. Nd3 f5 15. f3 Kh8 16. Rb1 Ng8 17. Nxc5 bxc5 18. Qa4 Qe7 19. Qc6 Bd7 20. Qc7 Rfc8 21. Qa5 Be8 22. Rb3 Bh6 23. Bxh6 Nxh6 24. Rfb1 Nf7 25. Bd3 Qg5 26. Nd1 fxe4 27. Bxe4 Qd8 28. Qxd8 Nxd8 29. Nc3 Kg7 30. h4 Kf7 31. h5 Ke7 32. hxg6 hxg6 33. Kf2 Bf7 34. g4 Be8 35. Ke3 Kf6 36. Bc2 Rc7 37. Ne4+ Ke7 38. Rh1 Nf7 39. Rh7 Kd8 40. Rb1 Re7 41. Nf6 Ng5 42. Rh8 Kc7 43. Ba4 Bc6 44. dxc6 1-0

[Event "15th Avicenna Open Masters 2018"]
[Site "Avicenna"]
[Date "2018.08.19"]
[Round "4"]
[White "Guliev, Logman"]
[Black "Molaei, Mohammadamin"]
[Result "1/2-1/2"]
[ECO "B36"]
[WhiteElo "2342"]
[BlackElo "2377"]
[Annotator "NA"]
[PlyCount "98"]
[EventDate "2018.08.17"]
[EventType "swiss"]
[EventCountry "IRI"]
[SourceTitle "playchess.com"]
[Source "ChessBase"]
[SourceQuality "1"]
[TimeControl "5400+30"]

1. e4 c5 2. Nf3 g6 3. d4 cxd4 4. Nxd4 Nc6 5. c4 Nf6 6. Nc3 d6 7. Be2 Nxd4 8. Qxd4 Bg7 9. Be3 O-O 10. Qd2 a5 11. O-O a4 12. Rac1 Qa5 13. f3 Be6 14. Nd5 Qxd2 15. Bxd2 Nxd5 16. cxd5 Bd7 17. Bc3 Rfc8 18. Bxg7 Kxg7 19. Kf2 f5 20. Ke3 Kf6 21. Kd4 b6 22. Rc3 a3 23. Rb1 axb2 24. Rxc8 Bxc8 25. Rxb2 Ra4+ 26. Ke3 fxe4 27. Bb5 Ra3+ 28. Kxe4 Ba6 29. Bxa6 Rxa6 30. f4 Ra4+ 31. Kf3 h5 32. h3 Ra3+ 33. Ke4 h4 34. Rxb6 Rxa2 35. Rb8 Rxg2 36. Rh8 Ra2 37. Rxh4 Ra4+ 38. Kd3 Rb4 39. Ke3 Ra4 40. Kd3 Ra1 41. Rh7 Re1 42. Kd4 Rd1+ 43. Ke4 Rd2 44. h4 Rh2 45. Kd4 Rh1 46. Ke4 Re1+ 47. Kf3 Rh1 48. Ke4 Re1+ 49. Kf3 Rh1 1/2-1/2

[Event "15th Avicenna Open Masters 2018"]
[Site "Avicenna"]
[Date "2018.08.19"]
[Round "4"]
[White "Salar, Milad"]
[Black "Mousavi, Seyed Khalil"]
[Result "0-1"]
[ECO "C09"]
[WhiteElo "2247"]
[BlackElo "2458"]
[Annotator "ChessBase"]
[PlyCount "85"]
[EventDate "2018.08.17"]
[EventType "swiss"]
[EventCountry "IRI"]
[SourceTitle "playchess.com"]
[Source "ChessBase"]
[SourceQuality "1"]
[TimeControl "5400+30"]

1. e4 e6 2. d4 d5 3. Nd2 c5 4. exd5 exd5 5. Ngf3 Nc6 6. Bb5 Bd6 7. dxc5 Bxc5 8. O-O Nge7 9. Nb3 Bd6 10. c3 O-O 11. h3 h6 12. Re1 Re8 13. Nbd4 a6 14. Bd3 Nxd4 15. Nxd4 Bc7 16. Qh5 Qd6 17. g3 Qf6 18. Qxd5 Bxh3 19. Qxb7 Nf5 20. Be3 Be5 21. Nxf5 Bxf5 22. Bxf5 Qxf5 23. Rad1 h5 24. Qd7 Re6 25. Bd4 Bxd4 26. Qxd4 Rf6 27. Rd2 Qh3 28. Qe4 Rb8 29. Qg2 Qg4 30. Re4 Qg5 31. Red4 Re6 32. Qd5 Re5 33. Qd6 Rbe8 34. Rd1 Re2 35. R4d2 R2e6 36. Qf4 Qb5 37. c4 Qb7 38. Kh2 Rf6 39. Qg5 h4 40. gxh4 Qe4 41. Rg1 Rg6 42. Qh5 Qf4+ 43. Kh1 0-1

[Event "15th Avicenna Open Masters 2018"]
[Site "Avicenna"]
[Date "2018.08.20"]
[Round "5"]
[White "Tahbaz, Arash"]
[Black "Guliev, Logman"]
[Result "1-0"]
[ECO "B56"]
[WhiteElo "2449"]
[BlackElo "2342"]
[Annotator "NA"]
[PlyCount "90"]
[EventDate "2018.08.17"]
[EventType "swiss"]
[EventCountry "IRI"]
[SourceTitle "playchess.com"]
[Source "ChessBase"]
[SourceQuality "1"]
[TimeControl "5400+30"]

1. e4 c5 2. Nc3 Nc6 3. Nge2 d6 4. d4 cxd4 5. Nxd4 Nf6 6. f3 e5 7. Nb3 Be7 8. Be3 O-O 9. Qd2 Be6 10. Nd5 Bxd5 11. exd5 Nb8 12. Be2 Nbd7 13. Na5 Qc7 14. b4 Nh5 15. O-O Nf4 16. c4 Nxe2+ 17. Qxe2 f5 18. Rfd1 Rae8 19. Rac1 f4 20. Bf2 Bg5 21. c5 e4 22. Bd4 exf3 23. Qxf3 h6 24. cxd6 Qxd6 25. Nxb7 Qxb4 26. d6 Rf7 27. Qb3 Qxb3 28. axb3 f3 29. Rc7 fxg2 30. Nc5 Nxc5 31. Bxc5 Rd8 32. Kxg2 Bf4 33. Re7 Rd7 34. Rxd7 Rxd7 35. Kf3 Bxh2 36. Ke4 Kf7 37. Kd5 Bf4 38. Rf1 g5 39. Kc6 Ke8 40. Re1+ Kd8 41. Re6 Rf7 42. Rxh6 Be5 43. Rg6 Bg7 44. Bd4 Bf8 45. Rf6 Ke8 1-0

[Event "15th Avicenna Open Masters 2018"]
[Site "Avicenna"]
[Date "2018.08.20"]
[Round "5"]
[White "Asgarizadeh, Ahmad"]
[Black "Morchiashvili, Bachana"]
[Result "1-0"]
[ECO "B84"]
[WhiteElo "2416"]
[BlackElo "2382"]
[Annotator "NA"]
[PlyCount "105"]
[EventDate "2018.08.17"]
[EventType "swiss"]
[EventCountry "IRI"]
[SourceTitle "playchess.com"]
[Source "ChessBase"]
[SourceQuality "1"]
[TimeControl "5400+30"]

1. e4 c5 2. Nf3 d6 3. d4 cxd4 4. Nxd4 Nf6 5. Nc3 a6 6. Be2 e6 7. O-O Be7 8. f4 O-O 9. Be3 Nc6 10. Qe1 Nxd4 11. Bxd4 b5 12. a3 Nd7 13. Rd1 Bh4 14. Bf2 Be7 15. Bd4 Bh4 16. Qd2 Bb7 $11 17. Be3 Be7 18. e5 d5 19. Bd4 Qc7 20. Qe3 Nc5 21. Bd3 g6 22. f5 exf5 23. Bxf5 Ne6 24. Bxe6 fxe6 25. Qh3 Qd7 26. Ne2 Rxf1+ 27. Rxf1 Rf8 28. Rxf8+ Bxf8 29. Nf4 Bc8 30. Qc3 Qb7 31. Nd3 Bd7 32. Bc5 Bh6 33. Qd4 Qc8 34. Qh4 Bg7 35. Qe7 Bh6 36. c3 a5 37. Qh4 Bg7 38. Bd6 Be8 39. Qe7 Bh6 40. Nc5 Bf7 41. Kf2 Bg7 42. Nb7 Be8 43. Nd8 Bd7 44. Qf7+ Kh8 45. Bf8 Bxe5 46. Be7 Bg7 47. Bf6 Qc5+ 48. Kf3 Bxf6 49. Qxf6+ Kg8 50. Qf7+ Kh8 51. Qxd7 Qg1 52. Qe8+ Kg7 53. Qe7+ 1-0

[Event "15th Avicenna Open Masters 2018"]
[Site "Avicenna"]
[Date "2018.08.20"]
[Round "5"]
[White "Molaei, Mohammadamin"]
[Black "Hosseinipour, Mehdi"]
[Result "1-0"]
[ECO "E15"]
[WhiteElo "2377"]
[BlackElo "2327"]
[Annotator "NA"]
[PlyCount "155"]
[EventDate "2018.08.17"]
[EventType "swiss"]
[EventCountry "IRI"]
[SourceTitle "playchess.com"]
[Source "ChessBase"]
[SourceQuality "1"]
[TimeControl "5400+30"]

1. d4 Nf6 2. c4 e6 3. Nf3 b6 4. g3 Ba6 5. b3 Bb4+ 6. Bd2 Be7 7. Nc3 d5 8. cxd5 exd5 9. Bg2 O-O 10. O-O Bb7 11. Rc1 Nbd7 12. Bf4 c6 $11 {[%emt 0:01:45] LiveBook: 26 Games} 13. Qd3 Re8 14. Rfd1 Bb4 15. Ne5 Nxe5 16. dxe5 Ng4 17. e4 Bc5 18. Rc2 d4 19. Na4 Bf8 20. Qxd4 Qxd4 21. Rxd4 c5 22. Rd1 Nxe5 23. Nc3 f6 24. Rcd2 Kf7 25. Nb5 Re7 26. Nd6+ Kg8 27. Bxe5 fxe5 28. Bf1 Bc8 29. Bc4+ Be6 30. Nf5 Ree8 31. Bxe6+ Rxe6 32. Rd7 Rf6 33. R1d5 Rf7 34. Kf1 b5 35. Rxf7 Kxf7 36. Rd7+ Ke6 37. Rb7 c4 38. bxc4 bxc4 39. Rc7 Rb8 40. Rxc4 Rb2 41. Rc8 Kf7 42. Rc7+ Kf6 43. a4 a5 44. Ne3 Ra2 45. Nd5+ Ke6 46. Rc6+ Kd7 47. Rc4 Ke6 48. h4 Bd6 49. Kg2 Bf8 50. g4 Bd6 51. Kg3 Ra3+ 52. f3 Ra2 53. h5 Ra1 54. Nb6 Bf8 55. Rc6+ Kf7 56. Nc4 Rxa4 57. Nxe5+ Ke8 58. Rc8+ Ke7 59. Ra8 Ra1 60. Rxa5 Rg1+ 61. Kf2 Rb1 62. Ra6 Rb5 63. Nd3 Kf7 64. Ke3 Be7 65. e5 Rb3 66. Ke4 Rc3 67. f4 h6 68. Ra7 Rb3 69. g5 hxg5 70. fxg5 Rb1 71. Kf5 Rf1+ 72. Nf4 Ke8 73. g6 Bc5 74. h6 gxh6 75. g7 Rg1 76. Ra8+ Kf7 77. e6+ Kxg7 78. Nh5+ 1-0

[Event "15th Avicenna Open Masters 2018"]
[Site "Avicenna"]
[Date "2018.08.20"]
[Round "5"]
[White "Daghli, Arash"]
[Black "Khodashenas, Mersad"]
[Result "1/2-1/2"]
[ECO "A04"]
[WhiteElo "2362"]
[BlackElo "2440"]
[Annotator "NA"]
[PlyCount "46"]
[EventDate "2018.08.17"]
[EventType "swiss"]
[EventCountry "IRI"]
[SourceTitle "playchess.com"]
[Source "ChessBase"]
[SourceQuality "1"]
[TimeControl "5400+30"]

1. Nf3 c5 2. c4 Nf6 3. g3 Nc6 4. Bg2 d5 5. cxd5 Nxd5 6. Nc3 Nc7 7. O-O e5 8. d3 Be7 9. Be3 O-O 10. Rc1 b6 11. a3 Bd7 12. Nd2 Re8 13. Nc4 Bf8 14. Ne4 Rb8 15. Bg5 f6 16. Bd2 Nd4 17. Re1 Bg4 18. h3 Be6 19. e3 Nf5 20. b4 Qxd3 21. bxc5 bxc5 22. Ba5 Qxd1 23. Rexd1 Nb5 1/2-1/2

[Event "15th Avicenna Open Masters 2018"]
[Site "Avicenna"]
[Date "2018.08.20"]
[Round "5"]
[White "Gara, Ticia"]
[Black "Daneshvar, Bardiya"]
[Result "1/2-1/2"]
[ECO "A05"]
[WhiteElo "2358"]
[BlackElo "2290"]
[Annotator "NA"]
[PlyCount "48"]
[EventDate "2018.08.17"]
[EventType "swiss"]
[EventCountry "IRI"]
[SourceTitle "playchess.com"]
[Source "ChessBase"]
[SourceQuality "1"]
[TimeControl "5400+30"]

1. Nf3 Nf6 2. c4 c6 3. e3 d5 4. b3 Bf5 5. Bb2 e6 6. Be2 h6 7. O-O Nbd7 8. d4 Bd6 9. Nbd2 O-O 10. Ne5 Rc8 11. Ndf3 $11 Ne4 12. Rc1 f6 13. Nxd7 Qxd7 14. Nd2 a6 15. Nxe4 Bxe4 16. Bd3 Bxd3 17. Qxd3 f5 18. f4 b5 19. c5 Be7 20. Rf3 Bf6 21. Bc3 Qc7 22. Qd2 Bd8 23. a3 a5 24. Bb2 Ra8 1/2-1/2

[Event "15th Avicenna Open Masters 2018"]
[Site "Avicenna"]
[Date "2018.08.20"]
[Round "5"]
[White "Gholami Orimi, Mahdi"]
[Black "Czebe, Attila"]
[Result "0-1"]
[ECO "A04"]
[WhiteElo "2333"]
[BlackElo "2411"]
[Annotator "NA RC"]
[PlyCount "100"]
[EventDate "2018.08.17"]
[EventType "swiss"]
[EventCountry "IRI"]
[SourceTitle "playchess.com"]
[Source "ChessBase"]
[SourceQuality "1"]
[TimeControl "5400+30"]

1. Nf3 b6 2. e3 g6 3. d4 Bb7 4. b3 Bg7 5. Bb2 d6 6. c4 Nd7 7. Nc3 e5 8. Be2 e4 9. Nd2 f5 10. Qc2 Ngf6 11. f4 Ng4 12. Nd1 h5 13. h4 Qe7 14. a4 $17 a5 15. g3 Nb8 16. Bxg4 hxg4 17. d5 Na6 18. Bxg7 Qxg7 19. Qb2 Qxb2 20. Nxb2 c6 21. dxc6 Bxc6 22. O-O-O O-O-O 23. Nb1 Nc5 24. Kc2 Nd3 25. Rh2 d5 26. Na3 d4 27. exd4 Rxd4 28. Nxd3 Rxd3 29. Rxd3 exd3+ 30. Kxd3 g5 31. Ke3 Re8+ 32. Kf2 gxf4 33. gxf4 Rd8 34. h5 Rd3 35. Ke1 g3 36. Rh3 g2 37. Rxd3 g1=Q+ 38. Kd2 Be4 39. Rd6 Qf2+ 40. Kc3 Qxf4 41. Nb5 Qe5+ 42. Rd4 Qg3+ 43. Kb2 Qh2+ 44. Ka3 Qh1 45. Rd2 Qxh5 46. Kb2 Qh1 47. Re2 Qd1 48. Rh2 Qb1+ 49. Ka3 Qc1+ 50. Rb2 Kd7 0-1

[Event "15th Avicenna Open Masters 2018"]
[Site "Avicenna"]
[Date "2018.08.20"]
[Round "5"]
[White "Pour Agha Bala, Amirreza"]
[Black "Matinian, Nikita"]
[Result "0-1"]
[ECO "B94"]
[WhiteElo "2272"]
[BlackElo "2506"]
[Annotator "ChessBase"]
[PlyCount "114"]
[EventDate "2018.08.17"]
[EventType "swiss"]
[EventCountry "IRI"]
[SourceTitle "playchess.com"]
[Source "ChessBase"]
[SourceQuality "1"]
[TimeControl "5400+30"]

1. e4 c5 2. Nf3 d6 3. d4 cxd4 4. Nxd4 Nf6 5. Nc3 a6 6. Bg5 Nbd7 7. Qe2 h6 8. Bxf6 Nxf6 9. O-O-O e5 10. Nf5 Be6 11. Ne3 Rc8 12. Ned5 Nxd5 13. exd5 Bd7 14. f4 Qf6 15. g3 Be7 16. Bg2 exf4 17. Rhf1 O-O 18. Rxf4 Qe5 19. Qxe5 dxe5 20. Rff1 f5 21. d6 Bg5+ 22. Kb1 e4 23. h4 Bd8 24. Nd5 Re8 25. Bh3 Re5 26. Ne3 g6 27. g4 Bxh4 28. gxf5 Bg5 29. Ng4 Rxf5 30. Rfe1 Re8 31. Ne3 Rf7 32. Bxd7 Rxd7 33. c4 b6 34. b4 Rc8 35. Rd4 Rc6 36. Rxe4 Rcxd6 37. Ng4 Kg7 38. a4 Bd2 39. Re7+ Rxe7 40. Rxe7+ Kf8 41. Ra7 Bxb4 42. Nxh6 a5 43. Nf7 Re6 44. Ng5 Re7 45. Ra8+ Kg7 46. Kc2 Kf6 47. Nf3 Re3 48. Nd4 Rc3+ 49. Kb2 Rxc4 50. Nb3 g5 51. Kb1 g4 52. Rb8 Kf5 53. Rxb6 g3 54. Rb5+ Kg4 55. Rb7 g2 56. Rg7+ Kf3 57. Nc1 Rxc1+ 0-1

[Event "15th Avicenna Open Masters 2018"]
[Site "Avicenna"]
[Date "2018.08.22"]
[Round "7"]
[White "Molaei, Mohammadamin"]
[Black "Daghli, Arash"]
[Result "1/2-1/2"]
[ECO "E06"]
[WhiteElo "2377"]
[BlackElo "2362"]
[Annotator "NA"]
[PlyCount "95"]
[EventDate "2018.08.17"]
[EventType "swiss"]
[EventCountry "IRI"]
[SourceTitle "playchess.com"]
[Source "ChessBase"]
[SourceQuality "1"]
[TimeControl "5400+30"]

1. d4 Nf6 2. c4 e6 3. g3 d5 4. Nf3 Be7 5. Bg2 O-O 6. O-O dxc4 7. Qc2 b5 8. a4 {[%emt 0:02:03] E05: Open Catalan: 5 Nf3 Be7} b4 9. Nfd2 c6 10. Nxc4 Qxd4 11. Rd1 Qc5 12. Be3 Qh5 13. Nbd2 {[%emt 0:05:38] [#]} Nd5 $146 ({Predecessor:} 13... Ng4 14. Nf1 Nxe3 15. Nfxe3 a5 {½-½ (82) Vachier Lagrave,M (2789)-Nakamura,H (2769) Paris 2018}) 14. Ne4 Nd7 15. Rac1 (15. Bf3 $5 Qg6 16. Na5 $14) 15... Ba6 16. Bf3 Qf5 17. Bf4 Bxc4 18. Qxc4 N7b6 19. Qxc6 $15 Nxf4 20. gxf4 Qxf4 21. Qb7 Nd5 22. Ng3 Bf6 23. b3 Nc3 24. e3 Qb8 25. Qxa8 Qxa8 26. Bxa8 Nxd1 27. Rxd1 Rxa8 28. Rd7 Kf8 29. Ne4 a5 30. Rb7 Rd8 31. Rb5 Rd1+ 32. Kg2 Bd8 33. Kf3 Rd5 34. Rb7 f5 35. Ng3 g6 36. Ke2 Rc5 37. Nf1 Bc7 38. Nd2 h5 39. h4 Bd8 40. Nf3 Bf6 41. Ra7 e5 42. Ra6 Kf7 43. Ra7+ Kg8 44. Ra6 Kg7 45. Ra7+ Kg8 46. Ra6 Kg7 47. Ra7+ Kg8 48. Ra6 1/2-1/2

[Event "15th Avicenna Open Masters 2018"]
[Site "Avicenna"]
[Date "2018.08.22"]
[Round "7"]
[White "Hosseinzadeh, Nima"]
[Black "Morchiashvili, Bachana"]
[Result "1/2-1/2"]
[ECO "B32"]
[WhiteElo "2299"]
[BlackElo "2382"]
[Annotator "NA"]
[PlyCount "71"]
[EventDate "2018.08.17"]
[EventType "swiss"]
[EventCountry "IRI"]
[SourceTitle "playchess.com"]
[Source "ChessBase"]
[SourceQuality "1"]
[TimeControl "5400+30"]

1. e4 c5 2. Nf3 Nc6 3. d4 cxd4 4. Nxd4 Qb6 5. Nb3 {[%emt 0:00:29] LiveBook: 2667 Games} Nf6 6. Nc3 e6 7. Qe2 d6 8. Be3 {[%emt 0:01:41] B33: Sicilian: Pelikan and Sveshnikov Variations} (8. f4 Qc7 9. Nb5 Qb8 10. g4 a6 11. N5d4 Qc7 12. Bg2 Nxd4 13. Nxd4 e5 14. Nf5 g6 15. fxe5 dxe5 {1-0 (32) Shirov,A (2673)-Ehlvest,J (2532) Puhajarve 2016}) 8... Qc7 9. O-O-O a6 10. g4 Be7 11. g5 Nd7 12. f4 b5 13. Qf2 Bb7 14. Kb1 b4 $146 ({Predecessor:} 14... Na5 15. Bg2 Nc4 {1-0 (56) Czaeczine,A (2193)-Lorenz,N (1940) Germany 2018}) 15. Na4 O-O 16. Bd3 Bd8 $16 17. Qh4 g6 18. Rhf1 Re8 19. f5 exf5 20. exf5 Nce5 21. Bd4 Be7 22. Nd2 Rac8 23. Nc4 Bf8 24. fxg6 fxg6 25. Nab6 Nxb6 26. Bxb6 Qc6 27. Nxe5 dxe5 28. Rf6 Qg2 29. Bxg6 hxg6 30. Rxg6+ Bg7 31. Rxg7+ Kxg7 32. Rd7+ Re7 33. Qh6+ Kg8 34. Qg6+ Kh8 35. Qf6+ Kg8 36. Qg6+ 1/2-1/2

[Event "15th Avicenna Open Masters 2018"]
[Site "Avicenna"]
[Date "2018.08.22"]
[Round "7"]
[White "Khoshkalam, Seyed Mehrab"]
[Black "Guliev, Logman"]
[Result "1/2-1/2"]
[ECO "E11"]
[WhiteElo "2182"]
[BlackElo "2342"]
[Annotator "NA"]
[PlyCount "103"]
[EventDate "2018.08.17"]
[EventType "swiss"]
[EventCountry "IRI"]
[SourceTitle "playchess.com"]
[Source "ChessBase"]
[SourceQuality "1"]
[TimeControl "5400+30"]

1. d4 Nf6 2. Nf3 e6 3. c4 Bb4+ 4. Bd2 Bxd2+ 5. Nbxd2 O-O 6. e3 b6 {E11: Bogo-Indian} 7. Bd3 Bb7 8. O-O d6 9. Qc2 Nbd7 10. b4 c5 11. a3 Qe7 12. Rfd1 Rfc8 $146 ({Predecessor:} 12... e5 13. d5 g6 14. e4 Nh5 15. g3 Kg7 16. Nb3 f5 17. bxc5 bxc5 18. Ne1 f4 19. Qe2 {½-½ (19) Cherednichenko,E (2170)-Ganaus,H (2331) Prague 2013}) 13. Qb2 cxd4 14. Nxd4 Ne5 15. Bf1 Ne4 16. Nxe4 Bxe4 17. Rac1 Rd8 18. f3 Bb7 19. e4 $11 Rac8 20. Kh1 Ba6 21. Qb3 Rc7 22. f4 Ng4 23. Qg3 Nf6 24. e5 dxe5 25. fxe5 Ne8 26. Be2 Rdc8 27. Qf4 Bxc4 28. Bxc4 Rxc4 29. Nf5 exf5 30. Rxc4 Rxc4 31. Qxc4 Qxe5 32. Qd5 Qe2 33. Qd2 Qc4 34. Qd7 Qe2 35. Qd2 Qc4 36. Rc1 Qe6 37. Re1 Qc8 38. Rc1 Qe6 39. Qe1 Qd7 40. Rd1 Qc8 41. Qe7 g6 42. Qxa7 Qc2 43. Re1 Nf6 44. Qb8+ Kg7 45. Qxb6 Qb2 46. b5 Ne4 47. a4 Qb4 48. Rd1 Qb3 49. Qd4+ f6 50. Ra1 Nc3 51. b6 f4 52. b7 1/2-1/2